[Event "ICC Open 2015"]
[Site "Internet Chess Club"]
[Date "2015.05.30"]
[Round "4"]
[White "Steingrim89"]
[Black "EddieBarber"]
[Result "1-0"]
[ICCResult "Black forfeits on time"]
[WhiteElo "1638"]
[BlackElo "1842"]
[Opening "Queen's pawn game"]
[ECO "A46"]
[NIC "QP.06"]
[Time "19:31:01"]
[TimeControl "180+0"]

1. d4 Nf6 2. Nf3 c5 3. Bf4 cxd4 4. c3 dxc3 5. Nxc3 Nc6 6. e3 d6 7. Bc4 e6 8.
O-O Be7 9. Re1 O-O 10. Rc1 Qa5 11. Bb3 d5 12. e4 dxe4 13. Nxe4 Nxe4 14. Rxe4
Bf6 15. Qe2 Qh5 16. Bg3 Re8 17. Bc2 e5 18. h3 Bf5 19. Rc4 e4 20. Bxe4 Nd4
21. Nxd4 Qxe2 22. Nxe2 Bxe4 23. Nc3 Bc6 24. Rd1 Rad8 25. Rxd8 Rxd8 26. Kh2
h6 27. Rf4 Rd2 28. Rb4 Bxc3 29. bxc3 Rxa2 30. Rd4 f6 31. Bd6 a5 32. Bc5 a4
33. Bb4 Rxf2 34. Rg4 Rb2 35. Bc5 Rb3 36. Bb4 a3 37. Bxa3 Rxa3 38. Rg3 b5 39.
Kg1 Ra2 40. Re3 Rxg2+ 41. Kf1 Rb2 42. Ke1 Kf7 43. Kd1 Kg6 44. Kc1 Rg2 45.
Rd3 Kf5 46. Rd1 Be4 47. Rf1+ Kg5 48. Kd1 f5 49. Ke1 Rh2 50. Rg1+ Kh4 51. Kf1
Kxh3 52. Ke1 Rc2 53. Kd1 Rxc3 54. Kd2 Ra3 55. Ke2 Ra2+ 56. Ke3 Rg2 57. Kd4
{Black forfeits on time}
1-0

[Event "ICC Open 2015"]
[Site "Internet Chess Club"]
[Date "2015.05.30"]
[Round "4"]
[White "postmortem"]
[Black "BlueGreen"]
[Result "0-1"]
[ICCResult "White resigns"]
[WhiteElo "2065"]
[BlackElo "2552"]
[Opening "KGA: bishop's gambit, Morphy variation"]
[ECO "C33"]
[NIC "KG.03"]
[Time "19:31:43"]
[TimeControl "180+0"]

1. e4 e5 2. f4 exf4 3. Bc4 d5 4. Bxd5 Nf6 5. Nc3 Nxd5 6. Nxd5 Qh4+ 7. Kf1
Bd6 8. d4 c6 9. Nf3 Qg4 10. h3 Qg6 11. Nc3 O-O 12. e5 Bc7 13. Bxf4 Nd7 14.
Qe2 Nb6 15. Kf2 Be6 16. Rhe1 f6 17. Kg1 fxe5 18. Bxe5 Bxe5 19. Nxe5 Qg3 20.
Qe3 Qxe3+ 21. Rxe3 Bf5 22. Re2 Rad8 23. Rd1 a5 24. a4 h5 25. Rdd2 h4 26. b3
Bh7 27. Ne4 Nd5 28. Nf3 Nf4 29. Re3 Rfe8 30. Nfg5 Bg6 31. Rf2 Nd5 32. Ree2
Nb4 33. Nc5 Rxe2 34. Rxe2 Nxc2 35. Nxb7 Rxd4 36. Nxa5 Rd1+ 37. Kh2 Nd4 38.
Re7 Nf5 39. Rc7 Be8 40. Rc8 Kf8 41. Nf3 g5 42. Nxg5 Ng3 43. Ne6+ Ke7 44.
Rc7+ Kxe6 45. Rxc6+ Bxc6 {White resigns} 0-1

[Event "ICC Open 2015"]
[Site "Internet Chess Club"]
[Date "2015.05.30"]
[Round "4"]
[White "penguingm1"]
[Black "BlackHorse96"]
[Result "0-1"]
[ICCResult "White resigns"]
[WhiteElo "2828"]
[BlackElo "3262"]
[Opening "King's Indian: Sämisch, 5...O-O"]
[ECO "E81"]
[NIC "KI.52"]
[Time "19:31:07"]
[TimeControl "180+0"]

1. d4 Nf6 2. c4 d6 3. Nc3 g6 4. e4 Bg7 5. f3 O-O 6. Nge2 c5 7. d5 e6 8. Ng3
exd5 9. cxd5 Nbd7 10. Be2 a6 11. a4 Rb8 12. O-O Re8 13. Bg5 h6 14. Be3 Ne5
15. h3 h5 16. Qd2 Qa5 17. Nh1 Qb4 18. Rfc1 Bd7 19. Nf2 b5 20. axb5 axb5 21.
Nb1 Qxd2 22. Nxd2 Nxd5 23. exd5 Nxf3+ 24. Bxf3 Rxe3 25. Ra7 Bf5 26. b4 Bd4
27. bxc5 Bxc5 28. Ra2 b4 29. Nc4 Rc3 30. Raa1 Rxc1+ 31. Rxc1 b3 32. g4 Bc2
33. Bd1 Rb4 34. Nd2 Rf4 35. Bxc2 bxc2 36. Rxc2 Bxf2+ 37. Kg2 Be3 38. Nf1 Bc5
39. gxh5 gxh5 40. Ng3 h4 41. Nf1 Rf5 42. Rd2 Kg7 43. Nh2 Rg5+ 44. Kf3 Rg3+
45. Kf4 Rxh3 46. Rg2+ Kf8 47. Ng4 Rd3 48. Nf6 Ke7 49. Kg5 Rg3+ 50. Rxg3 hxg3
51. Ng8+ Kf8 {White resigns} 0-1

[Event "ICC Open 2015"]
[Site "Internet Chess Club"]
[Date "2015.05.30"]
[Round "4"]
[White "Gruble"]
[Black "PedroRomero2"]
[Result "0-1"]
[ICCResult "White forfeits on time"]
[WhiteElo "1798"]
[BlackElo "2230"]
[Opening "French: exchange variation"]
[ECO "C01"]
[NIC "FR.01"]
[Time "19:31:16"]
[TimeControl "180+0"]

1. e4 e6 2. d4 d5 3. exd5 exd5 4. Nc3 c6 5. Bf4 Bd6 6. Qd2 Nf6 7. O-O-O O-O
8. f3 b5 9. Nce2 a5 10. g4 a4 11. Ng3 b4 12. g5 Ne8 13. Bd3 b3 14. a3 Ba6
15. Bxd6 Nxd6 16. Bxa6 bxc2 17. Qxc2 Qxg5+ 18. Kb1 Nxa6 19. N1e2 Nc4 20. h4
Qg6 21. Nf5 Rfe8 22. Rhg1 Qf6 23. Rxg7+ Kh8 24. Rdg1 Rxe2 25. Qxe2 Qxf5+ 26.
Ka2 Rb8 27. Qe7 Qc2 {White forfeits on time} 0-1

[Event "ICC Open 2015"]
[Site "Internet Chess Club"]
[Date "2015.05.30"]
[Round "4"]
[White "ChillingGuy"]
[Black "Mastercito"]
[Result "1-0"]
[ICCResult "Black resigns"]
[WhiteElo "2360"]
[BlackElo "2008"]
[Opening "Levitsky attack (Queen's bishop attack)"]
[ECO "D00"]
[NIC "QP.08"]
[Time "19:31:20"]
[TimeControl "180+0"]

1. d4 d5 2. Bg5 c6 3. Nf3 Qb6 4. Qc1 Nf6 5. Bxf6 gxf6 6. e3 Bg4 7. Be2 Nd7
8. c4 h5 9. Nc3 dxc4 10. Bxc4 h4 11. Nd2 h3 12. g3 e5 13. d5 O-O-O 14. dxc6
bxc6 15. Bxf7 Nc5 16. Bc4 Qb4 17. a3 Qxc4 18. Nxc4 Nd3+ 19. Kf1 Nxc1 20.
Rxc1 Bf3 21. Rg1 e4 22. Ke1 Rd3 23. Nd2 Bg7 24. Ndxe4 f5 25. Ng5 Bxc3+ 26.
bxc3 Bg4 27. f3 Rxe3+ 28. Kf2 Rhe8 29. fxg4 Re2+ 30. Kf3 fxg4+ 31. Kxg4 Rg8
32. Rce1 Rxh2 33. Rh1 Rc2 34. Rxh3 Rxc3 35. Re5 Rxa3 36. Rh7 Kb8 37. Kh4 Rb3
38. g4 Rb5 39. Rxb5+ cxb5 40. Nf3 b4 41. Nd4 a5 42. Nc6+ Kc8 43. Ne7+ Kc7
44. Nxg8+ Kb6 45. Ne7 b3 46. Nd5+ Kc5 47. Nc3 Kb4 48. Nb1 a4 49. Ra7 b2 50.
g5 Kb3 51. Rb7+ Ka2 52. Nc3+ Ka1 53. g6 a3 54. g7 a2 55. g8=Q b1=Q 56. Nxb1
axb1=Q 57. Qa8+ Qa2 58. Qh8+ {Black resigns} 1-0

[Event "ICC Open 2015"]
[Site "Internet Chess Club"]
[Date "2015.05.30"]
[Round "4"]
[White "PADILLON2189"]
[Black "mvillalba"]
[Result "1-0"]
[ICCResult "Black checkmated"]
[WhiteElo "2028"]
[BlackElo "2216"]
[Opening "Queen's pawn game"]
[ECO "E10"]
[NIC "QI.01"]
[Time "19:31:14"]
[TimeControl "180+0"]

1. d4 Nf6 2. c4 e6 3. Nf3 c5 4. Nc3 g6 5. e4 cxd4 6. Nxd4 d6 7. Be3 a6 8.
Be2 Bg7 9. O-O O-O 10. Qd2 Qc7 11. Rac1 Bd7 12. Rfd1 Rd8 13. f3 b6 14. b4
Qb7 15. Nb3 Be8 16. e5 Nfd7 17. exd6 Nc6 18. a3 Nce5 19. c5 bxc5 20. Nxc5
Nxc5 21. bxc5 Bc6 22. Rb1 Qa7 23. f4 Nd7 24. Rdc1 Rab8 25. Rxb8 Rxb8 26. Na2
Qa8 27. Bf1 a5 28. Nc3 Qa7 29. a4 Rb3 30. Nb5 Qb7 31. Bf2 Rb4 32. Nd4 Rxa4
33. Nxc6 Qxc6 34. Rb1 h5 35. Bb5 Qb7 36. c6 Qb8 37. cxd7 Rb4 38. Rxb4 axb4
39. Qxb4 Qa8 40. Qa4 Qb8 41. Qa5 Kh7 42. d8=Q Qb7 43. Qdc7 Qd5 44. d7 Qd1+
45. Bf1 Bd4 46. Bxd4 Qxd4+ 47. Kh1 Qf2 48. Qa1 h4 49. d8=Q h3 50. gxh3 Qf3+
51. Bg2 Qxf4 52. Qdh8# {Black checkmated} 1-0

[Event "ICC Open 2015"]
[Site "Internet Chess Club"]
[Date "2015.05.30"]
[Round "4"]
[White "pierredams"]
[Black "catman"]
[Result "0-1"]
[ICCResult "White resigns"]
[WhiteElo "1971"]
[BlackElo "1777"]
[Opening "French: Réti (Spielmann) variation"]
[ECO "C00"]
[NIC "FR.01"]
[Time "19:31:37"]
[TimeControl "180+0"]

1. e4 e6 2. b3 d5 3. Bb2 Nf6 4. e5 Nfd7 5. Qg4 c5 6. f4 Nc6 7. Nf3 h5 8. Qg3
Nb4 9. Na3 d4 10. c3 dxc3 11. dxc3 Nc6 12. Nc4 b6 13. Rd1 Bb7 14. Nd6+ Bxd6
15. Rxd6 Kf8 16. Bb5 Qc7 17. O-O a6 18. Be2 Ne7 19. Nh4 g6 20. c4 Rg8 21.
Bf3 Rd8 22. Rfd1 Bxf3 23. Qxf3 Nc8 24. R6d3 b5 25. cxb5 axb5 26. Qe2 c4 27.
bxc4 bxc4 28. Rd4 Ncb6 29. Qd2 Kg7 30. Bc3 Kh7 31. Nf3 Nd5 32. Ng5+ Kg7 33.
h3 Nxc3 34. Qxc3 Nb6 35. Rxd8 Rxd8 36. Rc1 Qc5+ 37. Kh2 Qd4 38. Qb4 Qxf4+
39. g3 Qxc1 40. Qxb6 Qxg5 {White resigns} 0-1

[Event "ICC Open 2015"]
[Site "Internet Chess Club"]
[Date "2015.05.30"]
[Round "4"]
[White "h13"]
[Black "zelog"]
[Result "1-0"]
[ICCResult "Black resigns"]
[WhiteElo "2494"]
[BlackElo "2068"]
[Opening "Benkö gambit"]
[ECO "A57"]
[NIC "BI.46"]
[Time "19:31:19"]
[TimeControl "180+0"]

1. d4 Nf6 2. c4 c5 3. d5 b5 4. b3 g6 5. Bb2 Bg7 6. f3 bxc4 7. bxc4 O-O 8.
Qd2 d6 9. e4 Nbd7 10. Bd3 Rb8 11. Nc3 Qa5 12. Nge2 Ba6 13. O-O Nb6 14. Nb1
Nxc4 15. Bxc4 Qxd2 16. Nxd2 Rxb2 17. Bxa6 Rxd2 18. a4 Nd7 19. Rab1 Nb8 20.
Bc4 a5 21. Rb7 Rc2 22. Bb5 Bf6 23. Rc1 Bd4+ 24. Kf1 Rxc1+ 25. Nxc1 e6 26.
Nb3 Bc3 27. Ke2 exd5 28. exd5 Kg7 29. Kd3 Bb4 30. Nd2 Kf6 31. f4 Bxd2 32.
Kxd2 Rd8 33. g4 g5 34. Ke3 gxf4+ 35. Kxf4 h6 36. h4 Rg8 37. Ra7 Rc8 38. Rxa5
c4 39. Ra8 c3 40. Bd3 c2 41. g5+ hxg5+ 42. hxg5+ Kg7 43. Bxc2 Rxc2 44. Rxb8
Rc4+ 45. Kf5 Rxa4 46. Rb6 Ra1 47. Rxd6 Rf1+ 48. Kg4 Kf8 49. Rf6 Ke7 50. Rxf1
{Black resigns}
1-0

[Event "ICC Open 2015"]
[Site "Internet Chess Club"]
[Date "2015.05.30"]
[Round "4"]
[White "paulmagriel"]
[Black "akibael"]
[Result "1-0"]
[ICCResult "Black checkmated"]
[WhiteElo "2061"]
[BlackElo "2340"]
[Opening "Budapest: Fajarowicz variation"]
[ECO "A51"]
[NIC "QG.01"]
[Time "19:31:03"]
[TimeControl "180+0"]

1. d4 Nf6 2. c4 e5 3. dxe5 Ne4 4. Bf4 Nc6 5. Nf3 g5 6. Bg3 Bg7 7. Nbd2 Nxg3
8. hxg3 Nxe5 9. Nxe5 Bxe5 10. Qc2 h6 11. O-O-O d6 12. Nf3 Bg7 13. e3 O-O 14.
Kb1 Qf6 15. Bd3 Re8 16. Nd4 c5 17. Nb5 Rd8 18. Nc7 Rb8 19. Nd5 Qe6 20. Bf5
Qe8 21. Bxc8 Rbxc8 22. f4 b5 23. fxg5 hxg5 24. Qh7+ Kf8 25. Rdf1 Qe5 26. Rf2
bxc4 27. e4 Rb8 28. Rxf7+ Kxf7 29. Rf1+ Ke8 30. Qg8+ Kd7 31. Qf7+ Kc6 32.
Qc7+ Kb5 33. Nc3+ Ka6 34. Qc6+ Rb6 35. Qa4+ Kb7 36. Rf2 Qxc3 37. Rf7+ Ka8
38. Qxa7# {Black checkmated} 1-0

[Event "ICC Open 2015"]
[Site "Internet Chess Club"]
[Date "2015.05.30"]
[Round "4"]
[White "DroolingBaby"]
[Black "MD1"]
[Result "1-0"]
[ICCResult "Black resigns"]
[WhiteElo "2139"]
[BlackElo "1673"]
[Opening "Dutch, Manhattan (Alapin, Ulvestad) variation"]
[ECO "A80"]
[NIC "HD.12"]
[Time "19:31:48"]
[TimeControl "180+0"]

1. d4 f5 2. Qd3 d5 3. g4 e6 4. gxf5 exf5 5. Bh3 Qf6 6. Nf3 Bd6 7. Bg5 Qg6 8.
Rg1 f4 9. Bxc8 Qxd3 10. exd3 Nd7 11. Bxb7 Rb8 12. Bxd5 Rxb2 13. Kd2 Ngf6 14.
Bxf6 Nxf6 15. Bb3 Kd7 16. Kc1 Rxb3 17. axb3 g6 18. Rxa7 Re8 19. c3 Re2 20.
Ne5+ Ke6 21. Nd2 Rxf2 22. Re1 Kf5 23. Ra5 c5 24. Nec4 Rxh2 25. Nxd6+ Kg4 26.
dxc5 Nd5 27. N6e4 Ne3 28. c6 f3 29. Rg5+ Kh4 30. Nxf3+ {Black resigns} 1-0

[Event "ICC Open 2015"]
[Site "Internet Chess Club"]
[Date "2015.05.30"]
[Round "4"]
[White "Parsifal"]
[Black "eltigrecu"]
[Result "1-0"]
[ICCResult "Black checkmated"]
[WhiteElo "2433"]
[BlackElo "2017"]
[Opening "Queen's pawn, Mason variation"]
[ECO "D00"]
[NIC "QP.08"]
[Time "19:31:06"]
[TimeControl "180+0"]

1. d4 d5 2. Bf4 Nf6 3. e3 c6 4. c4 Bg4 5. Qb3 Qb6 6. c5 Qxb3 7. axb3 Nbd7 8.
b4 e6 9. h3 Bh5 10. Nc3 Be7 11. b5 O-O 12. b4 cxb5 13. Bxb5 a6 14. Bd3 Rfc8
15. Nge2 Bg6 16. Bxg6 hxg6 17. Kd2 b6 18. Ra4 bxc5 19. bxc5 Nh5 20. Bh2 a5
21. Rha1 Bd8 22. Nb5 e5 23. Nec3 exd4 24. exd4 Nhf6 25. f3 Ne8 26. Nxd5 Nxc5
27. dxc5 Rxc5 28. Nbc3 Bf6 29. Nxf6+ Nxf6 30. R1a3 Rd8+ 31. Ke2 Re8+ 32. Kf2
Rec8 33. Ne2 Rc2 34. Rxa5 Nh5 35. g4 Nf6 36. Ra8 Nd5 37. Rxc8+ Rxc8 38. Rd3
Nb4 39. Rb3 Nd5 40. Rb8 Rxb8 41. Bxb8 f5 42. Kg3 Kf7 43. Nf4 Ne3 44. g5 Nf1+
45. Kf2 Nd2 46. h4 Nc4 47. Ke2 Nb6 48. Kd3 Nd7 49. Bd6 Nb6 50. Kd4 Nd7 51.
Bc7 Ke7 52. Nxg6+ Ke6 53. Nf4+ Kf7 54. h5 Nf8 55. Kd5 g6 56. hxg6+ Kg7 57.
Be5+ Kg8 58. Kd6 Nxg6 59. Nxg6 Kf7 60. Nf4 Kg8 61. Ke6 Kh7 62. Kxf5 Kg8 63.
Kg6 Kf8 64. Nd5 Kg8 65. Kf6 Kh7 66. g6+ Kg8 67. g7 Kh7 68. Ne7 Kh6 69. g8=Q
Kh5 70. Qg4+ Kh6 71. Nf5+ Kh7 72. Qg7# {Black checkmated} 1-0

[Event "ICC Open 2015"]
[Site "Internet Chess Club"]
[Date "2015.05.30"]
[Round "4"]
[White "arv"]
[Black "awesome5123"]
[Result "0-1"]
[ICCResult "White forfeits on time"]
[WhiteElo "1380"]
[BlackElo "1560"]
[Opening "Réti accepted"]
[ECO "A09"]
[NIC "RE.19"]
[Time "19:31:22"]
[TimeControl "180+0"]

1. Nf3 d5 2. c4 dxc4 3. e4 e6 4. Bxc4 Nf6 5. Nc3 Nc6 6. e5 Nd5 7. O-O Bc5 8.
d4 Bb6 9. Bg5 Qd7 10. Ne4 h6 11. Be3 Qe7 12. a3 Bd7 13. b4 O-O-O 14. b5 Na5
15. Bxd5 exd5 16. Nc5 Bxc5 17. dxc5 Bxb5 18. Re1 Nc6 19. a4 Ba6 20. a5 g5
21. Nd4 Nxd4 22. Bxd4 c6 23. Re3 h5 24. Rb3 g4 25. g3 h4 26. Qxg4+ Kb8 27.
Qd1 hxg3 28. fxg3 Rh3 29. Rab1 Rdh8 30. Qd2 Rxh2 31. Qxh2 Rxh2 32. Kxh2 Qg5
{White forfeits on time}
0-1

[Event "ICC Open 2015"]
[Site "Internet Chess Club"]
[Date "2015.05.30"]
[Round "4"]
[White "HPG1947"]
[Black "yaguaro"]
[Result "0-1"]
[ICCResult "White forfeits on time"]
[WhiteElo "1756"]
[BlackElo "1966"]
[Opening "Caro-Kann: exchange, Rubinstein variation"]
[ECO "B13"]
[NIC "CK.02"]
[Time "19:31:57"]
[TimeControl "180+0"]

1. e4 c6 2. d4 d5 3. exd5 cxd5 4. Bd3 Nc6 5. c3 Nf6 6. Bf4 a6 7. Nd2 h6 8.
h3 g5 9. Bh2 Bg7 10. Ngf3 O-O 11. Ne5 Qb6 12. Rb1 Be6 13. Qf3 Nxe5 14. Bxe5
Nd7 15. Bxg7 Kxg7 16. g4 Qd6 17. h4 Qf4 18. hxg5 Qxg5 19. Rh5 Qxg4 20. Qh1
Nf6 21. Rh2 Qf4 22. Rg2+ Kh8 23. Ke2 Rg8 24. Rbg1 Bg4+ 25. f3 Bh5 26. Rh2
Rxg1 27. Qxg1 Rg8 28. Qh1 Rg5 {White forfeits on time} 0-1

[Event "ICC Open 2015"]
[Site "Internet Chess Club"]
[Date "2015.05.30"]
[Round "4"]
[White "Qualm"]
[Black "Modemo"]
[Result "0-1"]
[ICCResult "White forfeits on time"]
[WhiteElo "1716"]
[BlackElo "2085"]
[Opening "Scotch: Schmidt variation"]
[ECO "C45"]
[NIC "SO.04"]
[Time "19:31:53"]
[TimeControl "180+0"]

1. e4 e5 2. Nf3 Nc6 3. d4 exd4 4. Nxd4 Nf6 5. Nxc6 bxc6 6. Nc3 Bb4 7. Bd3 d5
8. e5 Ng4 9. Bf4 f6 10. exf6 Nxf6 11. O-O O-O 12. Bg5 Qe8 13. Re1 Qh5 14.
Qxh5 Nxh5 15. a3 Bd6 16. Be7 Rf7 17. Bxd6 cxd6 18. Re8+ Rf8 19. Rae1 Bd7 20.
Rxa8 Rxa8 21. g3 Re8 22. Rxe8+ Bxe8 23. f4 Nf6 24. Bf5 Kf8 25. Kf2 g6 26.
Bh3 Ke7 27. Ke3 Bd7 28. Bxd7 Kxd7 29. h3 Ke6 30. Ne2 c5 31. g4 d4+ 32. Kf3
Nd5 33. Ke4 Nf6+ 34. Kf3 Kd5 35. Ng3 c4 36. b4 a6 37. f5 Nd7
{White forfeits on time}
0-1

[Event "ICC Open 2015"]
[Site "Internet Chess Club"]
[Date "2015.05.30"]
[Round "4"]
[White "jps7"]
[Black "xyro"]
[Result "1-0"]
[ICCResult "Black forfeits on time"]
[WhiteElo "1624"]
[BlackElo "1867"]
[Opening "Queen's pawn"]
[ECO "A40"]
[NIC "QO.17"]
[Time "19:31:10"]
[TimeControl "180+0"]

1. d4 e6 2. Nf3 c5 3. e3 d5 4. Bd3 Nc6 5. b3 Nf6 6. O-O Bd7 7. Bb2 cxd4 8.
exd4 Rc8 9. a3 Bd6 10. Ne5 O-O 11. f4 Ne4 12. Qe2 f5 13. Nd2 Qe7 14. Ndf3
Nxe5 15. fxe5 Bc7 16. Qe3 Bb6 17. Rae1 Ba5 18. b4 Bb6 19. c4 dxc4 20. Bxe4
fxe4 21. Qxe4 Bc6 22. Qg4 Bxf3 23. Rxf3 c3 24. Bc1 Rxf3 25. gxf3 Rc4 26. Re4
c2 27. Qf4 Qf7 28. Qe3 Qf5 29. Rf4 Qg6+ 30. Kf2 Bd8 31. Rg4 Qh5 32. Qf4 g6
33. Ke3 Qf5 34. Qe4 Rc3+ 35. Kd2 Rxf3 36. Qxf5 Rxf5 37. Kxc2 Rf2+ 38. Kb3
Rxh2 39. Bf4 Rh3+ 40. Ka4 Bb6 41. Rg3 Rxg3 42. Bxg3 Bxd4 43. Bf4 a6 44. Ka5
Kf7 45. b5 h5 46. bxa6 bxa6 47. Kxa6 h4 48. Kb5 Bf2 49. Kc4 Bg3 50. a4 Bxf4
51. a5 {Black forfeits on time} 1-0

[Event "ICC Open 2015"]
[Site "Internet Chess Club"]
[Date "2015.05.30"]
[Round "4"]
[White "ALexiz"]
[Black "guibiazotto"]
[Result "1-0"]
[ICCResult "Black resigns"]
[WhiteElo "1808"]
[BlackElo "1597"]
[Opening "King's Indian: Four pawns attack"]
[ECO "E76"]
[NIC "KI.31"]
[Time "19:31:35"]
[TimeControl "180+0"]

1. d4 Nf6 2. c4 g6 3. Nc3 Bg7 4. e4 d6 5. f4 O-O 6. Nf3 Nbd7 7. Be2 e6 8.
O-O Nb6 9. d5 exd5 10. cxd5 Bg4 11. h3 Bd7 12. a4 c6 13. a5 Nc8 14. Kh1 cxd5
15. exd5 Re8 16. Nd2 Ne7 17. Bf3 Bf5 18. Nc4 Rc8 19. Ra4 b6 20. Nb5 Rc5 21.
Nbxd6 Rf8 22. axb6 axb6 23. b4 b5 24. bxc5 bxa4 25. Bb2 Nc8 26. Qxa4 Nxd6
27. Nxd6 Ne8 28. Bxg7 Kxg7 29. Qd4+ Kg8 30. Nxe8 Rxe8 31. d6 Qa5 32. c6 Qb5
33. Rd1 Rd8 34. d7 Qb8 35. Qd6 Qxd6 36. Rxd6 Bxd7 37. Rxd7 Rc8 38. c7 Kg7
39. Bb7 Rxc7 40. Rxc7 {Black resigns} 1-0

[Event "ICC Open 2015"]
[Site "Internet Chess Club"]
[Date "2015.05.30"]
[Round "4"]
[White "MichaelBluth"]
[Black "hejajw"]
[Result "0-1"]
[ICCResult "White checkmated"]
[WhiteElo "2344"]
[BlackElo "2689"]
[Opening "Réti opening"]
[ECO "A09"]
[NIC "QP.09"]
[Time "19:31:08"]
[TimeControl "180+0"]

1. Nf3 d5 2. c4 Nf6 3. e3 e6 4. b3 Be7 5. g3 O-O 6. Bg2 c5 7. O-O d4 8. exd4
cxd4 9. Re1 Nc6 10. d3 Nd7 11. Ba3 e5 12. Bxe7 Qxe7 13. Qc1 a5 14. Qa3 Qb4
15. Qxb4 Nxb4 16. Na3 Nxd3 17. Re2 f6 18. Nb5 Ra6 19. Rd1 N7c5 20. Nc7 Rd6
21. Nh4 Rfd8 22. Nb5 Rb6 23. Red2 Nb4 24. a3 Nba6 25. Rb1 g5 26. Nf3 Bf5 27.
Rbb2 Rc8 28. Ne1 a4 29. b4 Nb3 30. Rd1 Be6 31. Na7 Rxc4 32. f4 Nc7 33. Nd3
Bf5 34. fxe5 Bxd3 35. Rxd3 fxe5 36. Nc8 Re6 37. Bh3 Rf6 38. Ne7+ Kf7 39. Nf5
h5 40. g4 e4 41. Rd1 d3 42. Rf2 d2 43. Ne3 Rxf2 44. Kxf2 Rc3 45. Ke2 Ke6 46.
gxh5+ Ke5 47. Nf1 Nd5 48. Nxd2 Nf4+ 49. Ke1 Rxh3 50. Nxb3 axb3 51. Rc1 Rxh2
52. Rb1 Rh1+ 53. Kf2 Rxb1 54. h6 b2 55. Kg3 Rh1 56. h7 Rxh7 57. b5 Rd7 58.
b6 b1=Q 59. a4 Qg1# {White checkmated} 0-1

[Event "ICC Open 2015"]
[Site "Internet Chess Club"]
[Date "2015.05.30"]
[Round "4"]
[White "Mormegil"]
[Black "HematiteBrown"]
[Result "0-1"]
[ICCResult "White resigns"]
[WhiteElo "1710"]
[BlackElo "2215"]
[Opening "Queen's pawn: Lundin (Kevitz-Mikenas) defense"]
[ECO "A40"]
[NIC "QO.17"]
[Time "19:33:17"]
[TimeControl "180+0"]

1. d4 Nc6 2. c4 e5 3. d5 Nce7 4. e4 d6 5. Nc3 Nf6 6. g3 Ng6 7. Bg2 Be7 8.
Nge2 O-O 9. O-O h6 10. h3 Nh7 11. f4 exf4 12. gxf4 Nh4 13. Kh2 Nxg2 14. Kxg2
c6 15. Kh2 Bf6 16. Rg1 Kh8 17. Be3 a6 18. Bd4 Re8 19. Bxf6 Qxf6 20. Qd2 Bd7
21. Raf1 Qh4 22. Rg3 Nf6 23. e5 dxe5 24. fxe5 Rxe5 25. Nd4 Rae8 26. Nf3 Ng4+
27. Kg2 Ne3+ 28. Kf2 Qxg3+ 29. Kxg3 Nxf1+ {White resigns} 0-1

[Event "ICC Open 2015"]
[Site "Internet Chess Club"]
[Date "2015.05.30"]
[Round "4"]
[White "nurmi"]
[Black "kurumania"]
[Result "0-1"]
[ICCResult "White checkmated"]
[WhiteElo "2208"]
[BlackElo "2857"]
[Opening "English opening"]
[ECO "A13"]
[NIC "EO.64"]
[Time "19:31:29"]
[TimeControl "180+0"]

1. c4 e6 2. g3 d5 3. Bg2 dxc4 4. a4 Nc6 5. Na3 Na5 6. Qc2 Nb3 7. Ra2 Nxc1 8.
Qxc1 Nf6 9. Qxc4 Be7 10. Nf3 O-O 11. O-O e5 12. Qc2 Be6 13. Nc4 Nd7 14. b3
Re8 15. Nfxe5 Nxe5 16. Nxe5 c6 17. Rd1 a5 18. d4 Bd6 19. Nc4 Bc7 20. e4 h5
21. d5 cxd5 22. exd5 Bg4 23. f3 Bd7 24. Raa1 Qf6 25. Rac1 h4 26. d6 Bb8 27.
f4 Ba7+ 28. Kh1 Bg4 29. Re1 hxg3 30. Ne5 Bf5 31. Qd2 Rad8 32. d7 Re7 33.
Bxb7 Bxd7 34. Bg2 Bb6 35. Rcd1 Qh6 36. Bf3 Bf5 37. Qg2 Rxd1 38. Rxd1 Qxf4
39. Nc6 Re8 40. Qxg3 Qe3 41. Bg2 Qe2 42. Rf1 Bg6 43. h4 Be4 44. Bxe4 Qxf1+
45. Kh2 Rxe4 46. Qb8+ Kh7 47. Qxb6 Rxh4+ 48. Kg3 Rh3+ 49. Kg4 Qf3+ 50. Kg5
f6# {White checkmated} 0-1

[Event "ICC Open 2015"]
[Site "Internet Chess Club"]
[Date "2015.05.30"]
[Round "4"]
[White "RaiseTheCurve"]
[Black "NAS"]
[Result "0-1"]
[ICCResult "White checkmated"]
[WhiteElo "1910"]
[BlackElo "1694"]
[Opening "Van't Kruijs opening"]
[ECO "A00"]
[Time "19:31:36"]
[TimeControl "180+0"]

1. e3 d5 2. b3 Bf5 3. Bb2 Nf6 4. f4 e6 5. Nf3 Nc6 6. d3 Bd6 7. Nbd2 Qe7 8.
Ne5 Bxe5 9. fxe5 Nd7 10. Nf3 Bg4 11. d4 O-O-O 12. a3 f6 13. Bb5 Ncb8 14. Qd2
Bxf3 15. gxf3 fxe5 16. O-O-O exd4 17. Bxd4 c5 18. Bxg7 Rhg8 19. Bb2 a6 20.
Bf1 Nb6 21. Qa5 Qc7 22. Bh3 Rge8 23. f4 Nc6 24. Qxc5 Kb8 25. Rhg1 Nd7 26.
Qc3 Rc8 27. Rg7 Qd6 28. Qd2 Nc5 29. Rxh7 Ne4 30. Qg2 Na5 31. Qg7 Nxb3+ 32.
Kb1 Nbd2+ 33. Ka2 Qc6 34. Bd4 Qc4+ 35. Kb2 Qb5+ 36. Kc1 Rxc2+ 37. Kxc2 Rc8+
38. Bc3 Rxc3+ 39. Qxc3 Nxc3 40. Rh8+ Ka7 41. Kxd2 Ne4+ 42. Ke1 Qa5+ 43. Rd2
Qxd2+ 44. Kf1 Qf2# {White checkmated} 0-1

[Event "ICC Open 2015"]
[Site "Internet Chess Club"]
[Date "2015.05.30"]
[Round "4"]
[White "QuintilianoR"]
[Black "Sebs"]
[Result "0-1"]
[ICCResult "White checkmated"]
[WhiteElo "2570"]
[BlackElo "2968"]
[Opening "QGD semi-Slav: Stoltz variation"]
[ECO "D45"]
[NIC "SL.08"]
[Time "19:32:03"]
[TimeControl "180+0"]

1. d4 d5 2. c4 c6 3. Nc3 Nf6 4. e3 e6 5. Nf3 Nbd7 6. Qc2 Bd6 7. g4 dxc4 8.
Bxc4 e5 9. g5 Nd5 10. Ne4 Bc7 11. dxe5 Nxe5 12. Nxe5 Bxe5 13. Bd2 O-O 14.
O-O-O Bg4 15. Rde1 Bf3 16. Rhf1 Re8 17. Ng3 a5 18. Rg1 b5 19. Bd3 Nb4 20.
Bxb4 axb4 21. Bxh7+ Kh8 22. Qf5 Rxa2 23. Qh3 Bxb2+ 24. Kb1 Qd2 25. Bc2+ Kg8
26. Qh7+ Kf8 27. Qd3 Bc3 28. Qxd2 Ra1# {White checkmated} 0-1

[Event "ICC Open 2015"]
[Site "Internet Chess Club"]
[Date "2015.05.30"]
[Round "4"]
[White "krankenstein"]
[Black "ivancele"]
[Result "0-1"]
[ICCResult "White resigns"]
[WhiteElo "1129"]
[BlackElo "1586"]
[Opening "Dutch, Korchnoi attack"]
[ECO "A80"]
[NIC "HD.12"]
[Time "19:32:25"]
[TimeControl "180+0"]

1. d4 f5 2. h3 d6 3. Nf3 Nf6 4. Nc3 g6 5. Bd2 Bg7 6. e3 c6 7. Bd3 Qc7 8. O-O
e5 9. dxe5 dxe5 10. Bc4 b5 11. Bb3 a5 12. a4 b4 13. Ne2 Na6 14. Ng5 Nc5 15.
Nf7 Rf8 16. Ng5 Nxb3 17. cxb3 h6 18. Nf3 Ba6 19. Rc1 Rd8 20. Re1 Kf7 21. Qc2
Qd6 22. Red1 Bxe2 23. Qxc6 Qxc6 24. Rxc6 Bxd1 25. Be1 Bxf3 26. gxf3 Rd1 27.
Kf1 Rfd8 28. Rc7+ R8d7 29. Rc5 R1d5 30. Rb5 e4 31. fxe4 Nxe4 32. f3 Rxb5 33.
axb5 Nd6 34. b6 Bxb2 35. Bg3 Nb5 36. e4 fxe4 37. fxe4 Rb7 38. Bc7 Nxc7 39.
bxc7 Rxc7 40. Ke2 Rc3 41. Kd2 Rxh3 {White resigns} 0-1

[Event "ICC Open 2015"]
[Site "Internet Chess Club"]
[Date "2015.05.30"]
[Round "4"]
[White "Dlugy"]
[Black "Caminator"]
[Result "1-0"]
[ICCResult "Black forfeits on time"]
[WhiteElo "2985"]
[BlackElo "2129"]
[Opening "QGD Slav defense"]
[ECO "D10"]
[NIC "SL.01"]
[Time "19:31:47"]
[TimeControl "180+0"]

1. d4 d5 2. c4 c6 3. Nc3 Nf6 4. e3 Bf5 5. cxd5 cxd5 6. Qb3 Bc8 7. Nf3 e6 8.
Ne5 Bd6 9. f4 O-O 10. Bd3 Nc6 11. O-O a6 12. a3 Na5 13. Qc2 b5 14. Rf3 Bb7
15. Rh3 h6 16. Bd2 Rc8 17. Be1 Ne4 18. Qe2 Nxc3 19. Bxc3 Nc4 20. Qg4 f5 21.
Qg3 Rf6 22. Bxc4 dxc4 23. Qf2 Be4 24. Rg3 Qe8 25. Qd2 Bxe5 26. dxe5 Rg6 27.
Bb4 Rxg3 28. hxg3 Rd8 29. Bd6 Qc6 30. Rd1 Bd3 31. Qc3 Qe4 32. Kf2 g5 33. Rh1
Kg7 34. Qa5 Rd7 35. Qxa6 Bb1 36. Qxb5 Qc2+ 37. Kg1 Rf7 38. Kh2 Qe2 39. Rxb1
Qh5+ 40. Kg1 Qe2 41. Bc5 gxf4 42. exf4 Kh7 43. Bf2 Rg7 44. Re1 Qd2 45. Qxc4
h5 46. Qxe6 Qd3 47. Qd6 Qc2 48. e6 h4 49. gxh4 Qb3 50. Qe5 Qb7 51. Qxg7+
Qxg7 52. e7 Kh6 53. e8=Q Qf7 54. Qe6+ {Black forfeits on time} 1-0